Periwinkle, chaotic male elven Priest -- .| .| .--- ...| - ...-- .-....-- --- ---..^....| ...|.........--- ....|........| -h.|........| --- |.h.%[...........| |@)G.G....^......| --)..|...........| ---.|---........| |.| ......| -.| ....| .| ..-- .| --- --- Periwinkle the Acolyte Experience level: 4 Strength: 11 Dexterity: 11 Constitution: 16 Intelligence: 8 Wisdom: 20 Charisma: 9 Health: 0(33) Energy: 19(41) Def: 4 Gold: 634 Moves: 1697 Dungeon seed: sSf0WgkfSdE1dvNZ Game ID: Periwinkle_1614808728 Your Inventory: Coins $ - 634 gold pieces Weapons a - a blessed +1 mace (weapon in hand) k - a +1 mace D - a +0 aklys Armor e - a blessed +0 robe (being worn) n - a +0 small shield (being worn) z - a +0 orcish helm (being worn) N - a cursed +0 orcish helm Comestibles c - a clove of garlic d - a sprig of wolfsbane r - 2 food rations Scrolls t - a scroll of identify A - a scroll of magic mapping Spellbooks f - a spellbook of remove curse g - a spellbook of detect monsters Potions b - 4 potions of holy water j - a cursed potion of confusion p - a potion of water v - a cursed potion of hallucination Rings o - a ring of cold resistance (on left hand) Wands w - a wand of cancellation (0:4) x - a wand of create monster (0:13) Tools h - a bell m - a wooden flute C - a tallow candle (0:200) Gems q - a worthless piece of red glass y - a worthless piece of white glass Y - a worthless piece of green glass Spells and supernatural/magical abilities: Name Level Category Fail Memory n - detect monsters 1 divination 0% 92% r - remove curse 3 clerical 0% 92% W - pray for help -- divine ? -- X - turn undead -- divine ? -- Your skills at the end: Fighting Skills Weapon Skills mace [Basic] Spellcasting Skills clerical spells [Basic] Final Attributes: You were piously aligned. You were cold resistant. You were sleep resistant. You had infravision. You are dead. Vanquished creatures: 2 shriekers a gnome lord a little dog a wererat a hobbit a brown mold a yellow mold 5 gnomes 2 geckos 3 jackals 2 goblins 5 grid bugs a bat 5 lichens 3 newts 34 creatures vanquished. Voluntary challenges: You used a wielded weapon 48 times, starting on turn 154. You read items or engraved 3 times, starting on turn 132. You never genocided any monsters. You never polymorphed an object. You never changed form. You used no wishes. You never split a pudding. You never wrote Elbereth's name. You never violated your personal moral code. Dungeon overview: The Dungeons of Doom: levels 1 to 3 Level 1 a long staircase Level 2 an altar to Thoth Level 3 stairs to The Gnomish Mines The Gnomish Mines: Level 4 <- You were here stairs to The Dungeons of Doom History has recorded: On T:1 you entered the Dungeons of Doom to retrieve the Amulet of Yendor! On T:479 you reached level 2 of The Dungeons of Doom. On T:727 you advanced to experience level 2. On T:845 you reached level 3 of The Dungeons of Doom. On T:1049 you advanced to experience level 3. On T:1413 you advanced to experience level 4. On T:1649 you reached level 1 of The Gnomish Mines. Score breakdown: Gold: 634 ( 9534 points) Experience: 4 levels ( 9649 points) Exploration: 4 levels ( 8.33%) ( 7579 points) Discoveries: 3 items ( 1.05%) ( 3067 points) Valuables value: (no points given unless you survive) Artifact value: 0 ( 0 points) Variety of kills: 15 monsters ( 3.94%) ( 5952 points) Turncount: 1697 turns ( 0 points) Survival: died (score multiplied by 80%) Total score: 28624 Latest messages: The gnome just misses! You kill the gnome! There are a few objects here. D - a thonged club. The gnome lord picks up 4 daggers. The gnome lord wields a crude dagger! You see here a gnome corpse. The gnome lord throws a crude dagger! You are almost hit by a crude dagger. You see here 5 cursed candles. The gnome lord picks up a dagger. The gnome lord throws a dagger! The dagger hits the gnome lord. The dwarf picks up a cursed thonged club. The gnome lord wields a dagger! The gnome lord throws a dagger! The dagger hits the gnome lord. You hit the dwarf! The dwarf wields a broad pick! You miss the dwarf. (2x) The dwarf swings his broad pick. The dwarf hits! The gnome lord throws a dagger! You are hit by a dagger. You die... Final status: Goodbye Periwinkle the Priest, killed by a dagger... You died in The Gnomish Mines on dungeon level 4 with 28624 points, and 634 pieces of gold, after 1697 moves. You were level 4 with a maximum of 33 hit points when you died.